 Dungeon Crawl Stone Soup version 0.31-a0-848-gaac375c287 (webtiles) character file.

Game seed: 1889465623544361992

5463 septik the Cleaver (level 10, -16/93 HPs)
             Began as a Minotaur Berserker on Sept 28, 2023.
             Was a High Priest of Trog.
             Demolished by an orc warrior
             ... wielding a +0 halberd
              (18 damage)
             ... on level 9 of the Dungeon on Oct 4, 2023.
             The game lasted 00:19:15 (6542 turns).

septik the Cleaver (Minotaur Berserker)             Turns: 6542, Time: 00:19:15

Health: -16/93     AC:  8    Str: 25    XL:     10   Next: 41%
Magic:  9/9        EV: 12    Int:  4    God:    Trog [*****.]
Gold:   654        SH:  0    Dex: 11    Spells: 9/9 levels left

rFire   . . .        y - +0 battleaxe
rCold   . . .        (shield currently unavailable)
rNeg    . . .        k - +0 troll leather armour
rPois   .            (helmet restricted)
rElec   .            (no cloak)
rCorr   .            (no gloves)
SInv    .            (no boots)
Will    .....        (no amulet)
Stlth   +            w - +4 ring of protection
HPRegen 1.15/turn    (no ring)
MPRegen 0.11/turn

%: no passive effects
@: on berserk cooldown, slowed, very slow
A: horns 2, retaliatory headbutt
a: Renounce Religion, Berserk, Trog's Hand, Brothers in Arms


You were on level 9 of the Dungeon.
You worshipped Trog.
Trog was extremely pleased with you.
You visited 1 branch of the dungeon, and saw 9 of its levels.

You collected 654 gold pieces.

Inventory:

Hand Weapons
 y - a +0 battleaxe (weapon)
Missiles
 d - 89 stones
 h - 3 throwing nets
 l - 16 poisoned darts
Armour
 k - a +0 troll leather armour (worn)
 o - a +4 chain mail
Jewellery
 i - a ring of see invisible
 w - a +4 ring of protection (left hand)
 E - an amulet of the acrobat
Talismans
 A - a serpent talisman
Wands
 v - a wand of polymorph (9)
 H - a wand of mindburst (16)
Scrolls
 a - a scroll of noise {unknown}
 b - a scroll of identify
 c - a scroll of poison {unknown}
 f - a scroll of fear {unknown}
 m - a scroll of teleportation
 p - 2 scrolls of vulnerability {unknown}
 q - a scroll of summoning
 t - a scroll of enchant weapon {unknown}
 x - a scroll of revelation {unknown}
 B - 4 scrolls of immolation {unknown}
 C - a scroll of fog {unknown}
 G - 3 scrolls of enchant armour {unknown}
Potions
 e - a potion of resistance {unknown}
 g - 6 potions of curing
 j - a potion of degeneration {unknown}
 n - 3 potions of invisibility
 r - a potion of magic {unknown}
 s - 2 potions of attraction
 u - a potion of brilliance {unknown}
 z - 2 potions of mutation
 D - a potion of ambrosia {unknown}
 F - 2 potions of cancellation {unknown}
 I - a potion of haste {unknown}


   Skills:
 + Level 9.9 Fighting
 * Level 14.1 Axes
 + Level 8.9 Armour
 - Level 2.1 Dodging


You had 9 spell levels left.
You didn't know any spells.
Your spell library was empty.

Dungeon Overview and Level Annotations

Branches:
Dungeon (9/15)             Temple (0/1) D:6
   Lair: D:8-11         Orc: D:9-12

Altars:
Uskayaw
Yredelemnul

Shops:
D:1 ?


Innate Abilities, Weirdness & Mutations

You have a pair of horns on your head.
You reflexively headbutt those who attack you in melee.


Message History

You feel a strong urge to attack something.
Unknown command.
You closely miss the orc warrior. You slash the orc wizard!
You kill the orc wizard!
Trog accepts your kill.
Trog appreciates your killing of a magic user.
Trog will now gift you melee weapons as you gain piety.
The orc warrior unwields a +0 orcbow.
The orc warrior wields a +0 halberd.
The orc warrior misses you.
Your life force feels restored.
An orc comes into view. It is wielding a +0 short sword.
The orc shouts!
Unknown command.
A steam dragon comes into view.
You feel a strong urge to attack something.
The orc warrior unwields a +0 halberd.
The orc warrior wields a +0 orcbow.
The orc warrior shoots an arrow.
The arrow misses you.
Unknown command.
You are no longer berserk.
You are exhausted.
You feel yourself slow down.
An orc comes into view. It is wielding a +0 club.
You feel less confused.
The orc shouts!
The orc warrior unwields a +0 orcbow.
The orc warrior wields a +0 halberd.
The orc warrior hits you with a +0 halberd!!
* * * LOW HITPOINT WARNING * * *
The orc warrior hits you with a +0 halberd.
* * * LOW HITPOINT WARNING * * *
The orc moves out of view.
You closely miss the orc warrior. You headbutt the orc warrior!
The orc warrior is moderately wounded.
The orc warrior closely misses you.
Unknown command.
You hit the orc warrior.
The orc warrior is heavily wounded.
The orc warrior hits you with a +0 halberd!
* * * LOW HITPOINT WARNING * * *
The orc warrior hits you with a +0 halberd!!
You die...

.....................
.....................
.................##.#
#.....###..#.....##.#
........)).##........
........)).####......
........))..#........
......[)o............
.........@...........
.##.....o...D........
..............####..
.#....o.#..[...#
##....###.......
..... ......... .....
#........ ....
.......


You could see a steam dragon, an orc warrior and 2 orcs.

Vanquished Creatures
  Eustachio (D:4)
  6 yaks (D:7)
  2 water moccasins
  2 ice beasts
  A sky beast (D:8)
  2 black bears (D:6)
  2 ogres
  A centaur (D:7)
  A phantom (D:5)
  2 wolves (D:8)
  Blork the orc (D:4)
  4 bullfrogs
  4 gnoll sergeants (D:8)
  10 wights
  3 killer bees (D:8)
  3 howler monkeys
  3 bullfrog zombies (D:5)
  11 hounds
  A jelly (D:6)
  7 orc priests
  5 gnoll boudas
  A sleepcap (D:6)
  Jessica (D:3)
  An iguana (D:4)
  11 orc wizards
  A killer bee zombie (D:5)
  2 hound zombies (D:5)
  Robin (D:3)
  5 adders
  26 gnolls
  3 white imps
  An ufetubus (D:5)
  2 worms
  3 dart slugs
  40 orcs
  5 endoplasms
  8 giant cockroaches
  14 goblins
  8 hobgoblins
  4 jackals (D:8)
  4 quokkas
  5 ball pythons
  6 bats
  5 frilled lizards
  11 kobolds
  4 rats
244 creatures vanquished.

Vanquished Creatures (collateral kills)
  An acid dragon (D:8)
  2 wights (D:8)
  4 gnolls (D:8)
  A shadow imp (D:8)
  A jackal (D:8)
9 creatures vanquished.

Grand Total: 253 creatures vanquished

Notes
Turn   | Place    | Note
-------+----------+-------------------------------------------
     0 | D:1      | septik the Minotaur Berserker began the quest for the Orb.
     0 | D:1      | Reached XP level 1. HP: 19/19 MP: 0/0
    10 | D:1      | Found Liqo's Magic Scroll Boutique.
   135 | D:1      | Reached skill level 4 in Axes
   138 | D:1      | Reached XP level 2. HP: 27/27 MP: 1/1
   435 | D:1      | Reached ** piety under Trog
   574 | D:2      | Reached XP level 3. HP: 30/33 MP: 2/2
   665 | D:2      | Found a hide-covered altar of Uskayaw.
   947 | D:2      | Reached skill level 5 in Axes
   965 | D:2      | Reached XP level 4. HP: 23/41 MP: 3/3
  1420 | D:3      | Noticed Robin
  1426 | D:3      | Killed Robin
  1427 | D:3      | Reached XP level 5. HP: 47/47 MP: 4/4
  1435 | D:3      | Reached skill level 6 in Axes
  1601 | D:3      | Noticed Jessica
  1614 | D:3      | Killed Jessica
  1692 | D:3      | Reached skill level 5 in Fighting
  1692 | D:3      | Reached *** piety under Trog
  2244 | D:4      | Identified the +1 robe "Fyasoant" {Harm rPois}
  2261 | D:4      | Noticed Blork the orc
  2278 | D:4      | Killed Blork the orc
  2279 | D:4      | Reached skill level 7 in Axes
  2279 | D:4      | Reached XP level 6. HP: 56/56 MP: 5/5
  2441 | D:4      | Noticed Eustachio
  2456 | D:4      | Killed Eustachio
  2457 | D:4      | Reached skill level 8 in Axes
  2635 | D:4      | Upgraded the game from 0.31-a0-841-g038b102fc3 to
                  | 0.31-a0-848-gaac375c287
  2652 | D:4      | Reached XP level 7. HP: 61/61 MP: 6/6
  2821 | D:5      | Entered Level 5 of the Dungeon
  2868 | D:5      | Reached skill level 9 in Axes
  3078 | D:5      | Reached **** piety under Trog
  3087 | D:5      | Found a basalt altar of Yredelemnul.
  3235 | D:5      | Reached XP level 8. HP: 65/71 MP: 7/7
  3592 | D:6      | Reached skill level 10 in Axes
  3592 | D:6      | Reached skill level 5 in Armour
  3979 | D:6      | Reached skill level 11 in Axes
  4167 | D:6      | Found a staircase to the Ecumenical Temple.
  4306 | D:6      | Reached XP level 9. HP: 79/81 MP: 8/8
  4799 | D:7      | Reached skill level 12 in Axes
  4992 | D:7      | Reached skill level 13 in Axes
  5393 | D:8      | Reached XP level 10. HP: 75/91 MP: 9/9
  6050 | D:8      | Reached ***** piety under Trog
  6338 | D:8      | Reached skill level 14 in Axes
  6542 | D:9      | HP: 2/93 [orc warrior/+0 halberd (8)]
  6542 | D:9      | Demolished by an orc warrior

Illustrated notes

Levels and vault maps discovered:
D:1:      shiori_shiawase, layout_rooms, serial_shops, shop, serial_park_tiny_1,
          minmay_worlds_worst_comb
D:2:      cheibrodos_pilgrimage, layout_loops_ring, basic_altar,
          chequers_serial_rivers_micro_a
D:3:      minmay_evil_eye, layout_loops_ring, uniq_robin,
          uniq_crazy_yiuf_cottage, uniq_sigmund, uniq_jessica
D:4:      layout_basic, uniq_blork_the_orc, uniq_eustachio
D:5:      layout_loops_ring, nicolae_yredelemnul_corpse_copse
D:6:      layout_basic, minmay_temple_entry_poolview,
          nicolae_houndstooth_variations
D:7:      layout_rooms, st_stairs_5
D:8:      layout_cave_pools, serial_gnoll_camp, gnoll_camp_medium_01,
          gnoll_camp_huts_basic, gnoll_camp_mini_loothouse,
          gnoll_camp_mini_house, gnoll_camp_medium_02
D:9:      layout_cave_pools

Skill      XL: |  1  2  3  4  5  6  7  8  9 10 |
---------------+-------------------------------+-----
Axes           | 4 5 7 8 9 11 13 14 | 14.1
Fighting       | 4 5 6 7 9 |  9.9
Armour         | 3 4 6 8 |  8.9
Dodging        | |  2.1

Action                     |  1- 3 |  4- 6 |  7- 9 | 10-12 || total
---------------------------+-------+-------+-------+-------++-------
  Melee: Hand axe          |    71 |   111 |       |       ||   182
         Headbutt          |     7 |    19 |    43 |    14 ||    83
         Battleaxe         |       |    14 |   199 |   119 ||   332
 Invoke: Berserk           |     1 |     5 |     5 |     4 ||    15
         Trog's Hand       |       |     1 |       |       ||     1
         Brothers in Arms  |       |       |     1 |     1 ||     2
    Use: Scroll            |       |     1 |     3 |     3 ||     7
 Armour: Animal skin       |    41 |     8 |       |       ||    49
         Troll leather arm |       |    47 |   136 |   116 ||   299
  Dodge: Dodged            |    60 |    57 |   122 |   109 ||   348

Table legend: (Time is in decaauts)
 A = Elapsed time spent in this place.
 B = Non-inter-level travel time spent in this place.
 C = Inter-level travel time spent in this place.
 D = Time resting spent in this place.
 E = Time spent auto-exploring this place.
 F = Levels seen in this place.
 G = Mean time per level.
                   A        B        C        D        E       F      G
               +--------+--------+--------+--------+--------+-----+--------+
         Total |   6724 |   6441 |    283 |    484 |   3965 |   9 |  747.1 |
       Dungeon |   6724 |   6441 |    283 |    484 |   3965 |   9 |  747.1 |
               +--------+--------+--------+--------+--------+-----+--------+

Top non-repeatable levels by time:
     D:6: 1193 daAuts
     D:8: 1183 daAuts
     D:2: 847 daAuts
     D:5: 773 daAuts
     D:3: 752 daAuts
     D:4: 700 daAuts
     D:7: 628 daAuts
     D:1: 605 daAuts
     D:9: 41 daAuts
